 Dungeon Crawl Stone Soup version 0.31.0-9-g3a7656b989 (webtiles) character file.

Game seed: 14529147914986356808

108 qw the Skirmisher (level 4, 0/25 HPs)
             Began as a Deep Elf Hunter on Feb 2, 2024.
             Slain by an orc
             ... wielding a +0 club
              (3 damage)
             ... on level 3 of the Dungeon.
             The game lasted 00:00:08 (1701 turns).

qw the Skirmisher (Deep Elf Hunter)                 Turns: 1701, Time: 00:00:09

Health: 0/25       AC:  3    Str: 10    XL:     4   Next: 58%
Magic:  6/6        EV: 12    Int: 14    God:
Gold:   109        SH:  0    Dex: 18    Spells: 3/3 levels left

rFire   . . .        a - +0 shortbow
rCold   . . .        (shield currently unavailable)
rNeg    + . .        c - +0 leather armour
rPois   .            (no helmet)
rElec   .            (no cloak)
rCorr   .            (no gloves)
SInv    .            (no boots)
Will    .....        b - amulet of the acrobat
Stlth   ++           f - ring of positive energy
HPRegen 0.24/turn    (no ring)
MPRegen 0.10/turn

%: acrobat
@: no status effects
A: no striking features
a: no special abilities


You were on level 3 of the Dungeon.
You visited 1 branch of the dungeon, and saw 3 of its levels.

You collected 109 gold pieces.


   Skills:
 - Level 1.5 Fighting
 + Level 8.0 Ranged Weapons
 - Level 2.4 Dodging
 - Level 1.2 Stealth


You had 3 spell levels left.
You didn't know any spells.
Your spell library was empty.

Inventory:

Hand Weapons
 a - a +0 shortbow (weapon)
Armour
 c - a +0 leather armour (worn)
Jewellery
 b - an amulet of the acrobat (around neck)
 f - a ring of positive energy (left hand)
Scrolls
 d - 2 scrolls of enchant armour
Potions
 e - a potion of curing

Dungeon Overview and Level Annotations

Branches:
Dungeon (3/15)

Altars:


Message History

You start resting.
HP restored.
A bat comes into view.
You shoot an arrow. The arrow hits the bat!
You kill the bat!
You see here a bat corpse. 3 orcs come into view.
The orc shouts! x2
You shoot an arrow. The arrow closely misses the orc.
You shoot an arrow. The arrow barely misses the orc.
The orc closely misses you.
You shoot an arrow. The arrow barely misses the orc.
The orc hits you with a +0 hand axe.
An orc comes into view. It is wielding a +0 club.
You shoot an arrow. The orc shouts!
The arrow hits the orc.
The orc is moderately wounded.
The orc hits you but does no damage. The orc barely misses you.
You shoot an arrow. The arrow hits the orc.
The orc is severely wounded.
The orc hits you but does no damage. The orc hits you with a +0 hand axe.
You shoot an arrow. The arrow closely misses the orc.
The orc hits you with a +0 hand axe. x2
You shoot an arrow. The arrow hits the orc.
You kill the orc!
Your Ranged Weapons skill increases to level 8!
You shoot an arrow. The arrow hits the orc!
You kill the orc!
You shoot an arrow. The arrow closely misses the orc.
You shoot an arrow. The arrow hits the orc.
The orc is lightly wounded.
The orc misses you.
You shoot an arrow. The arrow closely misses the orc.
The orc hits you with a +0 club. x2
You shoot an arrow. The arrow closely misses the orc.
The orc misses you. The orc barely misses you.
You shoot an arrow. The arrow closely misses the orc.
The orc hits you with a +0 club. x2
You die...

#.# #.#
#.# #.#
#.# #.#
#.# #.#
#@#
......oo#
#########


You could see 2 orcs.

Vanquished Creatures
  5 adders
  A dart slug (D:3)
  2 orcs (D:3)
  5 ball pythons
  8 bats
  2 endoplasms
  2 giant cockroaches
  5 goblins (D:1)
  5 hobgoblins
  10 jackals
  2 quokkas (D:2)
  A frilled lizard (D:1)
  3 kobolds
  6 rats
57 creatures vanquished.

Notes
Turn   | Place    | Note
-------+----------+-------------------------------------------
     0 | D:1      | qw the Deep Elf Hunter began the quest for the Orb.
     0 | D:1      | Reached XP level 1. HP: 12/12 MP: 3/3
     0 | D:1      | 0 ||| qw: Version: 0.3-a-155-g5e7d8dd
     0 | D:1      | 0 ||| qw: Game counter: 1667
     0 | D:1      | 0 ||| qw: Melee chars always use a shield: true
     0 | D:1      | 0 ||| qw: God list: Okawaru
     0 | D:1      | 0 ||| qw: Allow faded altars: false
     0 | D:1      | 0 ||| qw: Do Orc after clearing Dungeon:15 true
     0 | D:1      | 0 ||| qw: Do second Lair branch before Depths: true
     0 | D:1      | 0 ||| qw: Lair rune preference: random
     0 | D:1      | 0 ||| qw: Goals: Normal
     0 | D:1      | 0 ||| PLANNING D:1-11
   139 | D:1      | You fall into a shaft and drop 1 floor!
   171 | D:2      | Reached skill level 6 in Ranged Weapons
   171 | D:2      | Reached XP level 2. HP: 8/16 MP: 4/4
   284 | D:2      | 284 ||| READING scroll labelled ANUCKO HYMPO.
   284 | D:2      | 284 ||| ENCHANTING +0 shortbow.
   285 | D:2      | 285 ||| DROPPING scroll of butterflies.
   385 | D:1      | Reached XP level 3. HP: 20/20 MP: 5/5
   800 | D:1      | 800 ||| READING scroll labelled OLIORY AMAXT.
   800 | D:1      | 800 ||| IDENTIFYING sapphire potion
  1043 | D:2      | Reached skill level 7 in Ranged Weapons
  1207 | D:2      | Reached XP level 4. HP: 25/25 MP: 6/6
  1498 | D:2      | 1498 ||| UPGRADING to ring of positive energy.
  1499 | D:2      | 1499 ||| READING scroll labelled IMIESHI BETO.
  1499 | D:2      | Identified a scroll of acquirement
  1499 | D:2      | 1499 ||| ACQUIRING amulet of the acrobat
  1499 | D:2      | Acquired an amulet of the acrobat
  1501 | D:2      | 1501 ||| UPGRADING to amulet of the acrobat.
  1587 | D:3      | 1587 ||| FLEEEEING.
  1588 | D:3      | 1588 ||| FLEEEEING.
  1589 | D:3      | 1589 ||| FLEEEEING.
  1590 | D:3      | 1590 ||| FLEEEEING.
  1591 | D:3      | 1591 ||| FLEEEEING.
  1592 | D:3      | 1592 ||| FLEEEEING.
  1593 | D:3      | 1593 ||| FLEEEEING.
  1594 | D:3      | 1594 ||| FLEEEEING.
  1595 | D:3      | 1595 ||| FLEEEEING.
  1596 | D:3      | 1596 ||| FLEEEEING.
  1597 | D:3      | 1597 ||| FLEEEEING.
  1598 | D:3      | 1598 ||| FLEEEEING.
  1599 | D:3      | 1599 ||| FLEEEEING.
  1600 | D:3      | 1600 ||| FLEEEEING.
  1601 | D:3      | 1601 ||| FLEEEEING.
  1602 | D:3      | 1602 ||| FLEEEEING.
  1603 | D:3      | 1603 ||| FLEEEEING.
  1604 | D:3      | 1604 ||| FLEEEEING.
  1605 | D:3      | 1605 ||| FLEEEEING.
  1606 | D:3      | 1606 ||| FLEEEEING.
  1607 | D:3      | 1607 ||| FLEEEEING.
  1608 | D:3      | 1608 ||| FLEEEEING.
  1609 | D:3      | 1609 ||| FLEEEEING.
  1610 | D:3      | 1610 ||| FLEEEEING.
  1611 | D:3      | 1611 ||| FLEEEEING.
  1612 | D:3      | 1612 ||| FLEEEEING.
  1613 | D:3      | 1613 ||| FLEEEEING.
  1614 | D:3      | 1614 ||| FLEEEEING.
  1615 | D:3      | 1615 ||| FLEEEEING.
  1616 | D:3      | 1616 ||| FLEEEEING.
  1617 | D:3      | 1617 ||| FLEEEEING.
  1618 | D:3      | 1618 ||| FLEEEEING.
  1619 | D:3      | 1619 ||| FLEEEEING.
  1620 | D:3      | 1620 ||| FLEEEEING.
  1621 | D:3      | 1621 ||| FLEEEEING.
  1622 | D:3      | 1622 ||| FLEEEEING.
  1696 | D:3      | Reached skill level 8 in Ranged Weapons
  1699 | D:3      | HP: 4/25 [orc/+0 club (4)]
  1701 | D:3      | Slain by an orc

Levels and vault maps discovered:
D:1:      ldierk_walled_garden_2, layout_loops_ring
D:2:      layout_loops_ring
D:3:      layout_basic, dreamdust_ecumenical_altar_drowned_temple, uniq_pargi,
          uniq_terence

Skill      XL: |  1  2  3  4 |
---------------+-------------+-----
Ranged Weapons | 6 7 8 |  8.0
Fighting       | |  1.5
Dodging        | |  2.4
Stealth        | |  1.2

Action                     |  1- 3 |  4- 6 || total
---------------------------+-------+-------++-------
   Fire: Shortbow          |   244 |    47 ||   291
    Use: Scroll            |     2 |     1 ||     3
 Armour: Leather armour    |     9 |    19 ||    28
  Dodge: Dodged            |    15 |    11 ||    26

Table legend:
 A = Non-vault XP
 B = Vault XP
 C = Vault XP percentage of total XP
 D = Non-vault monster count
 E = Vault monster count
 F = Vault count percentage of total count
                 A         B        C        D         E       F
            +---------+---------+-------+---------+---------+-------
      Total |     155 |       0 |   0.0 |      57 |       0 |   0.0
            +---------+---------+-------+---------+---------+-------
        D:1 |      34 |       0 |   0.0 |      21 |       0 |   0.0
        D:2 |      79 |       0 |   0.0 |      27 |       0 |   0.0
        D:3 |      42 |       0 |   0.0 |       9 |       0 |   0.0
            +---------+---------+-------+---------+---------+-------
